 Dungeon Crawl Stone Soup version 0.26-a0-949-ga0cc1ef5f6 (webtiles) character file.

Game seed: 7340526198042940385

28 miscthings the Vexing (level 3, 0/21 HPs)
             Began as a Vampire Enchanter on Nov 29, 2020.
             Slain by Terence
             ... wielding a +0 flail
              (4 damage)
             ... on level 1 of the Dungeon.
             The game lasted 00:02:02 (1019 turns).

miscthings the Vexing (Vampire Enchanter)           Turns: 1019, Time: 00:02:02

Health: 0/21       AC:  2    Str:  8    XL:     3   Next: 0%
Magic:  6/6        EV: 12    Int: 17    God:
Gold:   69         SH:  0    Dex: 14    Spells: 5/6 levels left

rFire    . . .     SeeInvis +   c - +2 dagger (freeze)
rCold    . . .     Faith    .   (no shield)
rNeg     . . .     Spirit   .   b - +0 robe
rPois    .         Reflect  .   (no helmet)
rElec    .         Harm     .   (no cloak)
rCorr    .         Rampage  .   (no gloves)
MR       .....                  (no boots)
Stlth    +++.......             (no amulet)
HPRegen  0.27/turn              (no ring)
MPRegen  0.10/turn              (no ring)

@: regenerating quickly
A: fangs 3, see invisible, [frail 1], unbreathing
a: Exsanguinate


You were on level 1 of the Dungeon.
You visited 1 branch of the dungeon, and saw 2 of its levels.

You collected 69 gold pieces.

Inventory:

Hand Weapons
 c - a +2 dagger of freezing (weapon)
Armour
 b - a +0 robe (worn)
Scrolls
 a - 2 scrolls of remove curse {unknown}
 e - 3 scrolls of amnesia {unknown}
Potions
 d - a potion of cancellation {unknown}
 f - a potion of heal wounds {unknown}


   Skills:
 - Level 1.1 Short Blades
 - Level 2.1 Dodging
 - Level 4.4 Stealth
 + Level 2.3 Spellcasting
 + Level 5.7 Hexes


You had 5 spell levels left.
You knew the following spells:

 Your Spells              Type           Power        Failure   Level
a - Corona                Hex            ###....      1%          1

Your spell library contained the following spells:

 Spells                   Type           Power        Failure   Level
 Confusing Touch          Hex            ###.....     5%          3
 Tukima's Dance           Hex            ###.....     5%          3
 Ensorcelled Hibernation  Hex/Ice        ##....       9%          2
 Dazzling Flash           Conj/Hex       ##....       17%         3


Dungeon Overview and Level Annotations

Branches:
Dungeon (2/15)

Altars:

Annotations:
D:1 Terence
D:2 Robin


Innate Abilities, Weirdness & Mutations

Your natural rate of healing is unusually fast.
You have razor-sharp teeth.
You have supernaturally acute eyesight. (SInv)
You can survive without breathing.
[You are frail. (-10% HP)]


Message History

You hit Terence but do no damage.
Terence is lightly wounded.
Terence hits you with a +0 flail.
You hit Terence. You freeze Terence. Your bite misses Terence.
Terence is moderately wounded.
Terence barely misses you.
You hit Terence but do no damage.
Terence is moderately wounded.
Terence hits you with a +0 flail.
You barely miss Terence.
Terence is moderately wounded.
Terence stops glowing.
You hit Terence. You freeze Terence.
Terence is moderately wounded.
Terence hits you with a +0 flail!
* * * LOW HITPOINT WARNING * * *
You hit Terence. You freeze Terence.
Terence is severely wounded.
Terence hits you with a +0 flail.
You die...

....# #.######..†..### ....#
#..........#.# ÷...#
#############.#
....#####.............###########
.................................
##.##............####.###########
#.##............# #.#
#.##...........@# #.#
##.##...........@# #)# ###
##.##............####.# #..
##>.....)....)......#.# #..
#######.##..........#.# #..
#######.............#.# #..
...##...............#.## #..
##.##..........####.#..########..
##.##..........# #.#...#......÷.
...##..........# #.#...#.#######


You could see Terence.

Vanquished Creatures
  2 leopard geckos (D:1)
  A giant cockroach (D:1)
  7 goblins
  3 hobgoblins
  A jackal (D:1)
  3 kobolds (D:1)
  5 bats (D:1)
  A frilled lizard (D:1)
  2 rats (D:1)
25 creatures vanquished.

Notes
Turn   | Place    | Note
-------+----------+-------------------------------------------
     0 | D:1      | miscthings the Vampire Enchanter began the quest for the
                  | Orb.
     0 | D:1      | Reached XP level 1. HP: 13/13 MP: 3/3
   318 | D:1      | Reached skill level 5 in Hexes
   340 | D:1      | Reached XP level 2. HP: 3/15 MP: 5/5
   806 | D:2      | Noticed Robin
   904 | D:2      | Noticed Terence
   930 | D:1      | Reached XP level 3. HP: 11/21 MP: 6/6
  1019 | D:1      | Slain by Terence

Illustrated notes

Levels and vault maps discovered:
D:1:      denvon_arrival_planthouse, layout_basic, nrook_uturn
D:2:      layout_rooms, nicolae_qazlal_general_emergency, uniq_robin,
          uniq_natasha, uniq_terence

Skill      XL: |  1 |
---------------+----+-----
Hexes          | 5 |  5.7
Short Blades   | |  1.1
Dodging        | |  2.1
Stealth        | |  4.4
Spellcasting   | |  2.3

Action                   || total
-------------------------++-------
Melee: Dagger            ||    86
       Bite              ||     5
 Cast: Corona            ||     2
 Abil: Exsanguinate      ||     1
       Revivify          ||     1
 Stab: Sleeping          ||     5
Armor: Robe              ||    23
Dodge: Dodged            ||    66

Table legend: (Time is in decaauts)
 A = Elapsed time spent in this place.
 B = Non-inter-level travel time spent in this place.
 C = Inter-level travel time spent in this place.
 D = Time resting spent in this place.
 E = Time spent auto-exploring this place.
 F = Levels seen in this place.
 G = Mean time per level.
                   A        B        C        D        E       F      G
               +--------+--------+--------+--------+--------+-----+--------+
         Total |   1016 |    924 |     92 |    148 |    476 |   2 |  508.0 |
       Dungeon |   1016 |    924 |     92 |    148 |    476 |   2 |  508.0 |
               +--------+--------+--------+--------+--------+-----+--------+

Top non-repeatable levels by time:
     D:1: 941 daAuts
     D:2: 74 daAuts
